Map: [ESL] NeoHumanity

Players

MaxPax

  • Race: Protoss Protoss
  • Spawn Location: 11:00

Serral - Winner!

  • Race: Zerg Zerg
  • Spawn Location: 5:00

Event: ESL SC2 Masters 2023 Summer (Regionals)

VOD

Have the link to the VOD?

Description

Time

  • Played on: May 21, 2023, 2:41 p.m.
  • Length: 10:57

All games in this series

Show
View Real Time Build Order
Export as new Build Order

MaxPax Protoss 

Build Orders: 1 Gate Expand, Oracle Opening 

Get SALT Encoding   

  12  0:00  Probe  
  13  0:12  Probe  
  14  0:19  Pylon  
  14  0:24  Probe  
  15  0:37  Probe (Chrono Boost)  
  15  0:39  Gateway  
  16  0:48  Assimilator  
  16  0:49  Probe (Chrono Boost)  
  17  0:53  Probe (Chrono Boost)  
  18  1:04  Probe  
  19  1:16  Probe  
  20  1:25  Nexus  
  20  1:37  Cybernetics Core  
  20  1:38  Probe  
  21  1:43  Assimilator  
  21  1:50  Probe  
  21  1:52  Pylon  
  22  2:02  Probe  
  23  2:10  Adept (Chrono Boost)  
  23  2:14  Probe  
  26  2:25  Stargate  
  26  2:27  Probe (Chrono Boost)  
  27  2:30  Adept (Chrono Boost)  
  27  2:36  Warp Gate  
  29  2:37  Probe (Chrono Boost)  
  31  2:45  Probe (Chrono Boost)  
  31  2:47  Probe (Chrono Boost)  
  33  2:51  Probe x2 (Chrono Boost)  
  33  2:53  Adept  
  36  3:03  Probe  
  36  3:04  Probe  
  36  3:07  Oracle (Chrono Boost)  
  36  3:09  Pylon  
  39  3:15  Probe  
  39  3:16  Probe  
  41  3:22  Gateway  
  41  3:27  Probe  
  41  3:28  Probe  
  43  3:35  Oracle (Chrono Boost)  
  43  3:39  Probe  
  43  3:40  Probe  
  48  3:46  Nexus  
  48  3:50  Pylon  
  48  3:52  Probe  
  48  3:53  Probe  
  50  4:00  Assimilator  
  50  4:04  Oracle (Chrono Boost), Assimilator, Probe  
  50  4:09  Probe  
  55  4:14  Pylon  
  55  4:16  Probe  
  56  4:21  Probe  
  57  4:28  Probe  
  57  4:31  Stalker x2  
  60  4:33  Probe  
  63  4:40  Probe  
  63  4:44  Twilight Council  
  63  4:45  Forge, Probe  
  65  4:52  Probe (Chrono Boost)  
  66  4:59  Probe (Chrono Boost)  
  68  5:03  Probe (Chrono Boost)  
  68  5:04  Probe (Chrono Boost)  
  68  5:06  Gateway  
  69  5:08  Gateway, Probe (Chrono Boost)  
  69  5:10  Probe (Chrono Boost)  
  69  5:11  Probe (Chrono Boost)  
  69  5:13  Probe (Chrono Boost)  
  72  5:14  Blink (Chrono Boost)  
  72  5:18  Probe, Adept x2  
  78  5:22  Probe  
  78  5:25  Probe  
  78  5:27  Gateway  
  80  5:28  Gateway  
  80  5:30  Probe  
  80  5:33  Protoss Ground Weapons Level 1 (Chrono Boost)  
  80  5:34  Probe  
  80  5:35  Shield Battery  
  82  5:37  Probe  
  82  5:41  Forge  
  83  5:43  Pylon, Probe  
  83  5:46  Probe  
  85  5:55  Pylon  
  85  5:57  Pylon  
  85  6:00  Pylon  
  85  6:01  Probe  
  85  6:02  Robotics Facility  
  87  6:09  Protoss Ground Armor Level 1 (Chrono Boost)  
  86  6:15  Stalker x4  
  94  6:27  Stalker x2  
  98  6:37  Pylon, Nexus  
  98  6:40  Pylon, Photon Cannon  
  98  6:44  Stalker x4  
  98  6:46  Probe  
  107  6:47  Probe  
  107  6:48  Warp Prism (Chrono Boost)  
  107  6:53  Charge (Chrono Boost)  
  110  6:56  Gateway  
  110  6:58  Gateway  
  110  6:59  Pylon  
  108  7:04  Shield Battery, Stalker x2  
  108  7:05  Probe  
  113  7:10  Stalker  
  113  7:11  Stalker x2  
  119  7:20  Stalker  
  119  7:27  Protoss Ground Weapons Level 2 (Chrono Boost)  
  115  7:30  Probe  
  115  7:34  Gateway  
  115  7:35  Stalker x3  
  115  7:36  Gateway  
  118  7:45  Stalker x2  
  118  7:46  Probe  
  118  7:47  Probe  
  118  7:49  Shield Battery  
  118  7:50  Stalker  
  124  7:55  Probe x2  
  124  7:58  Stalker x2, Probe  
  127  7:59  Probe  
  132  8:12  Zealot x5  
  138  8:13  Probe  
  138  8:14  Unknown  
  138  8:15  Probe  
  138  8:17  Photon Cannon  
  138  8:18  Pylon  
  140  8:23  Protoss Ground Armor Level 2 (Chrono Boost)  
  140  8:26  Observer  
  141  8:30  Probe x2, Nexus  
  141  8:31  Pylon  
  141  8:33  Photon Cannon  
  143  8:36  Zealot x5  
  143  8:37  Pylon  
  152  8:45  Nexus  
  150  8:52  Stalker x2  
  144  8:56  Stalker  
  144  8:59  Stalker x7  
  144  9:02  Probe x3  
  140  9:07  Stalker  
  134  9:11  Probe  
  134  9:14  Probe x2  
  118  9:24  Stalker x6  
  118  9:28  Probe  
  118  9:29  Probe x2  
  123  9:37  Zealot x4  
  126  9:49  Nexus  
  126  9:51  Zealot x3  
  132  9:54  Zealot  
  134  10:05  Stalker x3  
  134  10:18  Stalker x4  
  138  10:26  Shield Battery, Probe  
  138  10:27  Photon Cannon  
  124  10:31  Stalker  
  126  10:39  Stalker x3  
  130  10:42  Stalker  
Show
View Real Time Build Order
Export as new Build Order

Serral Zerg - Winner!

Build Orders: Hatch First 

Get SALT Encoding   

  12  0:01  Drone  
  13  0:11  Overlord  
  13  0:16  Drone  
  14  0:30  Drone x2  
  16  0:42  Drone  
  17  0:51  Hatchery  
  17  0:54  Drone  
  17  0:58  Drone  
  18  1:08  Extractor  
  17  1:13  Spawning Pool  
  17  1:17  Drone  
  17  1:19  Drone  
  18  1:27  Drone  
  19  1:38  Drone  
  20  1:48  Overlord  
  20  1:59  Queen  
  22  2:03  Drone, Queen  
  22  2:04  Zergling x2  
  26  2:08  Metabolic Boost  
  26  2:11  Zergling x2  
  26  2:13  Drone  
  28  2:24  Drone  
  28  2:27  Drone  
  30  2:35  Hatchery  
  29  2:41  Queen  
  31  2:45  Drone  
  31  2:48  Drone  
  31  2:51  Overlord  
  33  2:56  Spore Crawler  
  32  3:00  Drone  
  32  3:01  Drone  
  32  3:04  Overlord, Drone  
  36  3:10  Queen  
  38  3:13  Drone  
  38  3:16  Drone x2  
  38  3:19  Drone  
  42  3:23  Queen  
  42  3:26  Drone  
  45  3:28  Drone  
  45  3:31  Drone  
  45  3:34  Overlord  
  47  3:39  Drone  
  48  3:46  Queen  
  48  3:47  Queen  
  52  3:49  Spore Crawler  
  52  3:51  Zergling x2  
  52  3:54  Drone x2  
  54  3:55  Zergling x2  
  54  4:00  Overlord  
  54  4:02  Drone x2  
  57  4:04  Drone  
  57  4:06  Drone  
  59  4:11  Drone x3  
  59  4:14  Overlord  
  59  4:15  Zergling x2  
  63  4:17  Drone  
  63  4:20  Zergling x2, Drone  
  66  4:26  Drone x2  
  66  4:30  Overlord  
  68  4:32  Drone x3  
  68  4:33  Drone  
  68  4:34  Evolution Chamber  
  68  4:36  Drone  
  68  4:37  Overlord  
  72  4:42  Drone  
  73  4:47  Hatchery  
  73  4:49  Zergling x2  
  73  4:52  Extractor, Drone x2  
  74  4:55  Lair  
  74  4:57  Drone  
  74  4:58  Drone  
  76  5:02  Drone  
  76  5:05  Zerg Melee Weapons Level 1  
  77  5:07  Drone x3  
  77  5:08  Roach Warren  
  77  5:09  Drone  
  77  5:11  Drone x2  
  81  5:15  Overlord  
  81  5:17  Zergling x2  
  81  5:18  Drone x3  
  85  5:21  Extractor  
  85  5:22  Extractor  
  85  5:23  Overlord  
  85  5:24  Drone x2  
  85  5:25  Drone  
  85  5:28  Drone  
  87  5:29  Overlord  
  87  5:31  Drone x2  
  88  5:36  Extractor, Baneling Nest  
  88  5:38  Spore Crawler  
  88  5:39  Drone  
  88  5:40  Spore Crawler, Drone x2  
  88  5:44  Queen  
  88  5:47  Drone  
  88  5:49  Drone x4  
  95  5:54  Zergling x2  
  95  5:55  Zergling x4  
  98  5:58  Overlord, Glial Reconstitution  
  98  6:02  Zergling x4  
  100  6:06  Drone x3  
  100  6:08  Unknown  
  100  6:09  Spore Crawler, Queen  
  103  6:12  Drone  
  103  6:13  Overlord  
  103  6:14  Roach x3  
  110  6:18  Roach  
  110  6:19  Roach x2  
  110  6:21  Centrifugal Hooks  
  115  6:26  Drone  
  115  6:28  Overlord x2  
  115  6:31  Roach x3  
  122  6:33  Overlord  
  122  6:38  Roach x5  
  131  6:41  Overlord  
  131  6:43  Overlord  
  131  6:45  Overlord  
  130  6:50  Drone  
  131  6:54  Roach  
  131  6:55  Roach x2  
  131  6:56  Hatchery, Ravager x3  
  131  6:59  Zergling x10  
  144  7:04  Zerg Melee Weapons Level 2  
  144  7:05  Overlord  
  144  7:08  Zergling x8  
  148  7:11  Zergling x8  
  147  7:23  Zergling x22  
  155  7:35  Zergling x14  
  155  7:37  Baneling x5  
  160  7:39  Overlord  
  160  7:41  Roach x2  
  158  7:46  Roach x5  
  166  7:56  Roach x2, Zergling x8  
  173  8:03  Zergling x12  
  173  8:05  Overlord  
  177  8:06  Zergling x2  
  177  8:07  Zergling x2  
  177  8:10  Zergling x2  
  177  8:11  Zergling x4  
  173  8:17  Roach x2  
  177  8:22  Zergling x2  
  177  8:23  Zergling x6  
  177  8:26  Baneling x17  
  181  8:30  Zergling x6  
  181  8:31  Baneling x11  
  181  8:32  Baneling x10  
  182  8:36  Zergling x14  
  188  8:43  Zergling x2  
  188  8:44  Zergling x12  
  192  8:50  Zergling x14  
  192  8:54  Zergling x6  
  175  9:02  Zergling x2  
  175  9:03  Overseer, Zergling x14  
  175  9:09  Infestation Pit  
  174  9:13  Roach, Zergling x2  
  174  9:14  Roach x3, Zergling x4  
  174  9:16  Zergling x12  
  174  9:17  Zergling x4  
  189  9:21  Zergling x4  
  179  9:28  Zergling x12  
  182  9:32  Roach x4  
  182  9:37  Zergling x4  
  181  9:42  Zergling x12  
  184  9:46  Zergling x4  
  184  9:47  Zergling x8  
  184  9:50  Baneling  
  184  9:51  Baneling x15  
  190  9:56  Drone  
  190  9:57  Zergling x2  
  190  9:58  Zergling x12  
  192  10:02  Zergling x10  
  192  10:06  Zergling x4  
  192  10:08  Zergling x8  
  190  10:14  Zergling x16  
  193  10:21  Zergling x6  
  193  10:24  Roach  
  193  10:26  Zergling x8  
  194  10:29  Baneling x13  
  194  10:33  Zergling x10  
  199  10:36  Zergling x2  
  199  10:37  Zergling x2  
Tags
 
Add a new tag
Caveats
  • Supply blocks, unpowered buildings, or Contaminate may cause inaccurate times.
  • Supply counts are checked every 10 seconds.